 Dungeon Crawl Stone Soup version 0.31-a0-771-g505c3d19dc (webtiles) character file.

Game seed: 12043163879735209465

31 cforsyth the Sneak (level 3, -1/30 HPs)
             Began as a Djinni Delver on Sept 16, 2023.
             Slain by a water moccasin (4 damage)
             ... on level 5 of the Dungeon.
             The game lasted 00:00:22 (263 turns).

cforsyth the Sneak (Djinni Delver)                   Turns: 263, Time: 00:00:23

Health: -1/30      AC:  3    Str: 11    XL:     3   Next: 40%
Gold:   0          EV: 12    Int: 13    God:
                   SH:  0    Dex: 14

rFire   + + .        a - +0 falchion
rCold   x . .        (no shield)
rNeg    . . .        b - +0 leather armour
rPois   ∞            (no helmet)
rElec   .            (no cloak)
rCorr   .            (no gloves)
SInv    .            (boots unavailable)
Will    .....        (no amulet)
Stlth   ++           (no ring)
HPRegen 0.25/turn    (no ring)
MPRegen 0.00/turn

%: infuse magic (-2 HP)
@: flying
A: sickness immunity, fire resistance 2, cold vulnerability 1, float, innate
caster, HP casting, extra vitality 1
a: no special abilities


You were on level 5 of the Dungeon.
You visited 1 branch of the dungeon, and saw 1 of its levels.

Inventory:

Hand Weapons
 a - a +0 falchion (weapon)
Armour
 b - a +0 leather armour (worn)
Wands
 g - a wand of digging (3)
Scrolls
 c - a scroll of fog
 d - a scroll of revelation
 e - a scroll of fear
Potions
 f - a potion of haste


   Skills:
 + Level 3.3 Fighting
 + Level 2.2 Long Blades
 + Level 2.7 Dodging
 + Level 4.3 Stealth


You knew the following spells:

 Your Spells              Type           Power      Damage    Failure   Level
a - Magic Dart            Conj           0%         1d3       38%         1
Your spell library was empty.

Dungeon Overview and Level Annotations

Branches:
Dungeon (5/15)
 Temple: D:4-7

Altars:


Innate Abilities, Weirdness & Mutations

You are immune to sickness and miasma.
You are immune to poison.
Your flesh is very heat resistant. (rF++)
You are vulnerable to cold. (rC-)
You float through the air rather than walking.
You learn spells naturally, not from books.
Your magical power is your life essence.
You have superior vitality. (+4 MHP)


Message History

You miscast Magic Dart.
Nothing appears to happen.
You closely miss the water moccasin.
The water moccasin is lightly wounded.
The water moccasin bites you.
The water moccasin completely misses you.
You hit the water moccasin.
The water moccasin is lightly wounded.
The water moccasin misses you.
You hit the water moccasin.
The water moccasin is lightly wounded.
The water moccasin barely misses you. The water moccasin bites you.
You miss the water moccasin.
The water moccasin is lightly wounded.
The water moccasin completely misses you.
The water moccasin bites you but does no damage.
You hit the water moccasin.
The water moccasin is moderately wounded.
The water moccasin completely misses you.
You miss the water moccasin.
The water moccasin is moderately wounded.
The water moccasin bites you but does no damage. x2
You hit the water moccasin.
The water moccasin is heavily wounded.
The water moccasin barely misses you. The water moccasin bites you.
You closely miss the water moccasin.
The water moccasin is heavily wounded.
The water moccasin bites you!
You hit the water moccasin.
The water moccasin is heavily wounded.
The water moccasin closely misses you.
The water moccasin bites you but does no damage.
Your magical contamination has completely faded away.
You miss the water moccasin.
The water moccasin is heavily wounded.
The water moccasin barely misses you. The water moccasin bites you!
* * * LOW HITPOINT WARNING * * *
You closely miss the water moccasin.
The water moccasin is heavily wounded.
The water moccasin bites you.
You die...

................ .#
.................. #..
$................< ###..
..................
.....##.................
..
...............#.###..
... #....#.....>..###
#.. .... #...S....#....#
##. #...##..#@.#.#.....#
#. .....##...## ##...##
#. .........#####...##
#. .........# #....## #.
.#:.....####...## #.
##.....###...## #.
##.........## ##
#........## # #........#


You could see a water moccasin.

Vanquished Creatures
  A jelly (D:5)
1 creature vanquished.

Notes
Turn   | Place    | Note
-------+----------+-------------------------------------------
     0 | D:5      | cforsyth the Djinni Delver began the quest for the Orb.
     0 | D:5      | Reached XP level 1. HP: 20/20 MP: 0/0
    84 | D:5      | Noticed an ogre
   126 | D:5      | Noticed a jelly
   133 | D:5      | Killed a jelly
   134 | D:5      | Reached XP level 2. HP: 5/25 MP: 0/0
   134 | D:5      | Reached XP level 3. HP: 6/30 MP: 0/0
   134 | D:5      | Learned a level 1 spell: Magic Dart
   248 | D:5      | Noticed a water moccasin
   263 | D:5      | Slain by a water moccasin

Illustrated notes

Levels and vault maps discovered:
D:5:      layout_layer_cave, serial_shops, shop

Skill      XL: |  1 |
---------------+----+-----
Long Blades    | 2 |  2.2
Fighting       | |  3.3
Dodging        | |  2.7
Stealth        | |  4.3

Action                     || total
---------------------------++-------
  Melee: Falchion          ||    15
         Punch             ||     1
   Cast: Magic Dart        ||     2
 Armour: Leather armour    ||    12
  Dodge: Dodged            ||     9

Table legend: (Time is in decaauts)
 A = Elapsed time spent in this place.
 B = Non-inter-level travel time spent in this place.
 C = Inter-level travel time spent in this place.
 D = Time resting spent in this place.
 E = Time spent auto-exploring this place.
 F = Levels seen in this place.
 G = Mean time per level.
                   A        B        C        D        E       F      G
               +--------+--------+--------+--------+--------+-----+--------+
         Total |    265 |    265 |      0 |     96 |    122 |   1 |  265.0 |
       Dungeon |    265 |    265 |      0 |     96 |    122 |   1 |  265.0 |
               +--------+--------+--------+--------+--------+-----+--------+

Top non-repeatable levels by time:
     D:5: 265 daAuts
